 Dungeon Crawl Stone Soup version 0.31.0-11-ge490571c62 (webtiles) character file.

Game seed: 8426324670027066736

116291 hikkokomori the Fighter (level 16, -2/95 (101) HPs)
             Began as a Gargoyle Alchemist on Jan 29, 2024.
             Was an Initiate of Gozag.
             Killed from afar by a jorogumo (18 damage)
             ... with a bolt of negative energy
             ... on level 2 of the Spider Nest.
             The game lasted 01:22:32 (29866 turns).

hikkokomori the Fighter (Gargoyle Alchemist)       Turns: 29866, Time: 01:22:33

HP:   -2/95 (101)   AC: 29    Str: 23    XL:     16   Next: 71%
MP:   25/32         EV: 14    Int: 23    God:    Gozag
Gold: 2069          SH:  6    Dex: 16    Spells: 9/39 levels left

rFire   + + .        k - +8 whip "Snakebite" {venom, curare, rPois}
rCold   + . .        Y - +0 buckler
rNeg    + . .        E - +0 steam dragon scales
rPois   ∞            J - +2 helmet
rElec   +            b - +3 cloak "Cubuler" {*Corrode rElec rF+ Dex+3}
rCorr   .            m - +1 pair of gloves
SInv    +            j - +0 pair of boots
Will    +....        I - amulet of regeneration
Stlth   ++++         a - ring "Myeffod" {^Drain rElec rC+ Str+8 Slay+2}
HPRegen 1.15/turn    g - ring of Vocor {rF+ Str+2 Dex+3 SInv}
MPRegen 0.23/turn

%: corrode self (3%)
@: flying, drained
A: sickness immunity, AC +12, big wings, negative energy resistance 1,
electricity resistance, torment resistance 1, petrification resistance
a: Renounce Religion, Potion Petition, Call Merchant, Bribe Branch


You were on level 2 of the Spider Nest.
You worshipped Gozag.
Gozag was most pleased with you.
You visited 5 branches of the dungeon, and saw 25 of its levels.
You also visited: Ice Cave.

You collected 7495 gold pieces.
You spent 2868 gold pieces at shops.
You paid 2558 gold pieces to Gozag.

Inventory:

Hand Weapons
 e - a +3 morningstar of electrocution
 k - the +8 whip "Snakebite" (weapon) {venom, curare, rPois}
   (You took it off Amaemon on level 11 of the Dungeon)

   rPois:     It protects you from poison
 D - a +5 trident of draining
Missiles
 q - 6 atropa-tipped darts
 v - 3 throwing nets
Armour
 b - the +3 cloak "Cubuler" (worn) {*Corrode rElec rF+ Dex+3}
   (You bought it in a shop on level 15 of the Dungeon)

   Dex+3:     It affects your dexterity (+3).
   rF+:       It protects you from fire.
   rElec:     It insulates you from electricity.
   *Corrode:  It may corrode you when you take damage.
 j - a +0 pair of boots (worn)
 m - a +1 pair of gloves (worn)
 E - +0 steam dragon scales (worn)
 J - a +2 helmet (worn)
 K - a +1 scale mail of willpower
 Y - a +0 buckler (worn)
Magical Staves
 C - a staff of fire
Jewellery
 a - the ring "Myeffod" (left hand) {^Drain rElec rC+ Str+8 Slay+2}
   (You bought it in a shop on level 15 of the Dungeon)

   [ring of protection from cold]

   Str+8:     It affects your strength (+8).
   Slay+2:    It affects your accuracy & damage with ranged weapons and melee
   (+2).
   rC+:       It protects you from cold.
   rElec:     It insulates you from electricity.
   ^Drain:    It drains your maximum health when unequipped.
 g - the ring of Vocor (right hand) {rF+ Str+2 Dex+3 SInv}
   (You bought it in a shop on level 15 of the Dungeon)

   [ring of see invisible]

   Str+2:     It affects your strength (+2).
   Dex+3:     It affects your dexterity (+3).
   rF+:       It protects you from fire.
   SInv:      It lets you see invisible.
 n - a +6 ring of intelligence
 r - the ring of the Assorted Nights {Ice ^Drain rN+ Str+3 Int+2}
   (You found it in an ice cave)

   [ring of ice]

   Ice:       It enhances your ice magic.
   Str+3:     It affects your strength (+3).
   Int+2:     It affects your intelligence (+2).
   rF-:       It makes you vulnerable to fire.
   rC+:       It protects you from cold.
   rN+:       It protects you from negative energy.
   ^Drain:    It drains your maximum health when unequipped.
 I - an amulet of regeneration (around neck)
 N - a +5 ring of evasion
 P - a +5 ring of evasion
 W - an amulet of magic regeneration
Wands
 l - a wand of polymorph (11)
 t - a wand of light (19)
 G - a wand of charming (14)
 S - a wand of digging (4)
 U - a wand of flame (8)
 X - a wand of iceblast (15)
Scrolls
 c - 4 scrolls of fear
 d - 4 scrolls of immolation
 s - 2 scrolls of amnesia
 w - 13 scrolls of teleportation
 x - 2 scrolls of poison
 y - 2 scrolls of identify
 B - 2 scrolls of enchant weapon
 M - a scroll of fog
 Q - a scroll of revelation
 T - a scroll of silence
 V - 7 scrolls of enchant armour
Potions
 f - 2 potions of might
 h - 3 potions of cancellation
 i - 7 potions of curing
 o - 4 potions of brilliance
 p - 3 potions of lignification
 u - a potion of enlightenment
 z - a potion of ambrosia
 A - 3 potions of heal wounds
 F - 4 potions of mutation
 H - a potion of magic
 L - 2 potions of haste
 O - 4 potions of attraction


   Skills:
 - Level 12.2 Fighting
 - Level 8.3 Maces & Flails
 - Level 6.2 Armour
 + Level 5.5 Dodging
 - Level 7.5 Stealth
 - Level 6.2 Shields
 + Level 12.2 Spellcasting
 - Level 9.1 Conjurations
 + Level 6.6 Necromancy
 - Level 8.4 Fire Magic
 - Level 7.0 Ice Magic
 - Level 5.2 Air Magic
 - Level 6.4 Earth Magic
 - Level 6.6 Alchemy
 + Level 4.9 Evocations


You had 9 spell levels left.
You knew the following spells:

 Your Spells              Type           Power      Damage    Failure   Level
a - Sting                 Conj/Alch      100%       1d9       1%          1
b - Mercury Vapours       Alch/Air       82%        N/A       1%          2
c - Mephitic Cloud        Conj/Alch/Air  46%        N/A       1%          3
d - Olgreb's Toxic Radia  Alch           44%        N/A       3%          4
e - Ignite Poison         Fire/Alch      48%        N/A       2%          4
f - Freezing Cloud        Conj/Ice/Air   23%        6-21      8%          5
g - Borgnjor's Vile Clut  Necr/Erth      22%        N/A       11%         5
h - Blink                 Tloc           28%        N/A       9%          2
i - Vhi's Electric Charg  Tloc/Air       52%        N/A       19%         4

Your spell library contained the following spells:

 Spells                   Type           Power      Damage    Failure   Level
 Magic Dart               Conj           100%       1d8       1%          1
 Searing Ray              Conj           100%       2d8       1%          2
 Fulminant Prism          Conj/Alch      25%        3d14      1%          4
 Sticky Flame             Fire/Alch      48%        2d9       2%          4
 Arcjolt                  Conj/Air       23%        1d33      8%          5
 Call Imp                 Summ           28%        N/A       9%          2
 Lesser Beckoning         Tloc           28%        N/A       9%          2
 Plasma Beam              Fire/Air       22%        2x1d34    45%         6
 Death Channel            Necr           22%        N/A       47%         6
 Ignition                 Fire           26%        3d9       100%        8
 Cigotuvi's Dreadful Rot  Necr/Alch/Air  Unusable   N/A       N/A         2
 Sublimation of Blood     Necr           Unusable   N/A       N/A         2
 Animate Dead             Necr           Unusable   N/A       N/A         4

Dungeon Overview and Level Annotations

Branches:
Dungeon (15/15)            Temple (1/1) D:7            Lair (5/5) D:8
 Shoals (0/4) Lair:2       Spider (2/4) Lair:2        Slime (0/5) Lair:4
    Orc (2/2) D:9             Elf (0/3) Orc:2        Vaults (0/5) D:13
 Depths (0/4) D:15          IceCv (visited)

Altars:
Ashenzari
Cheibriados
Dithmenos
Elyvilon
Fedhas
Gozag
Hepliaklqana
Kikubaaqudgha
Makhleb
Nemelex Xobeh
Okawaru
Qazlal
Ru
Sif Muna
Trog
Uskayaw
Vehumet
Wu Jian
Xom
Yredelemnul
Zin
The Shining One

Shops:
D:5 :   D:9 :(   D:10 (   D:15 =[   Orc:2 =(*(   Lair:4 ?

Annotations:
D:4 2 transporters
D:9 2 transporters, Lahburn's ghost, novice HOFi
Lair:4 3 runed translucent doors, Juirae's ghost, journeyman TrMo


Innate Abilities, Weirdness & Mutations

You are immune to sickness and miasma.
Your stone body is resilient. (AC +12)
You are immune to poison.
Your large and strong wings let you fly.
You resist negative energy. (rN+)
You are resistant to electric shocks. (rElec)
You are resistant to unholy torment.
You are immune to petrification.


Message History

You are caught in a web!
The pharaoh ant bites you!
Unknown command.
Unknown command.
Unknown command.
Unknown command.
The web tears apart.
Your toxic aura wanes.
The jorogumo hits you! The pharaoh ant bites you!!
* * * LOW HITPOINT WARNING * * *
The pharaoh ant attacks as it pursues you!
You block the pharaoh ant's attack.
Casting: Olgreb's Toxic Radiance (dangerous; 3% risk of failure)
Confirm with . or Enter, or press ? or * to list all spells.
You don't know that spell.
Unknown command.
Casting: Olgreb's Toxic Radiance (dangerous; 3% risk of failure)
Confirm with . or Enter, or press ? or * to list all spells.
Aiming: Mephitic Cloud (safe; 1% risk of failure)
Press: ? - help, Shift-Dir - straight line, f - pharaoh ant
Aim: a pharaoh ant (severely damaged, not susceptible)
The ball explodes into a vile cloud!
The stinking cloud engulfs the pharaoh ant.
The pharaoh ant is severely damaged.
The stinking cloud engulfs the jorogumo.
The jorogumo is lightly wounded.
The stinking cloud engulfs you.
You hear a faint skittering sound. x2
The pharaoh ant misses you.
The jorogumo stares at you and mumbles some strange words.
The bolt of negative energy hits the pharaoh ant.
The pharaoh ant completely resists.
The bolt of negative energy hits you! You partially resist.
You feel drained.
* * * LOW HITPOINT WARNING * * *
The wolf spider is engulfed in noxious fumes.
The jorogumo stares at you and mumbles some strange words.
The bolt of negative energy hits the pharaoh ant.
The pharaoh ant completely resists.
The bolt of negative energy hits you!! You partially resist.
You feel drained.
You die...
Your body crumbles into a pile of gold.

***,*,,* *,,,,,.,**#
***,** **,,,.###.#*
*** **^*$...,,*
##*#^..,,**
##.#..#,*,*
#...<#***** *#sH###
##B§^# ##########§@§##
#^#.##.#.##...##
####.........#....##
###.##............#..#
........##.#.##...####
...#....#######.###
#..##.### ###
#<..#####
...^....####*


You could see a jorogumo (poisoned), a wolf spider (very poisoned) and a pharaoh
ant.

Vanquished Creatures
  Jorgrun (D:15)
  Kirke (Lair:4)
  2 emperor scorpions (Spider:2)
  A broodmother (Spider:1)
  3 very ugly things
  Nessos (Lair:5)
  Snorg (D:11)
  An ettin (D:15)
  3 entropy weavers
  4 catoblepae (Lair:5)
  5 hydras
  7 vault guards (D:13)
  2 ogre magi (D:15)
  2 centaur warriors (D:13)
  9 two-headed ogres
  2 jorogumos
  3 boulder beetles
  4 death yaks (Lair:5)
  3 tengu warriors (D:15)
  An occultist (D:15)
  Urug (Lair:5)
  2 soul eaters (D:14)
  A demonic crawler (Spider:1)
  Sonja (D:11)
  A skyshark (Lair:5)
  2 sixfirhies (D:14)
  Amaemon (D:11)
  2 steelbarb worms
  3 lindwurms (Lair:5)
  A necromancer (D:15)
  An orange crystal statue (IceCv)
  9 wolf spiders
  2 deep elf pyromancers
  11 ugly things
  4 orc knights
  4 orc sorcerers
  5 manticores
  7 cyclopes
  3 meliai (D:14)
  2 rust devils (D:14)
  A merfolk siren (Lair:2)
  5 kobold blastminers
  3 black mambas (Lair:5)
  5 elephants (Lair:5)
  Joseph (D:8)
  A gargoyle (D:11)
  3 orange demons
  Maggie (D:8)
  11 komodo dragons
  Jeremiah (D:7)
  4 rime drakes
  A smoke demon (D:14)
  9 cane toads
  3 freezing wraiths
  4 tengu conjurers
  2 anaconda simulacra (IceCv)
  A red devil (D:14)
  7 trolls
  Psyche (D:8)
  3 polar bears
  8 tarantellas
  8 blink frogs
  6 dream sheep (Lair:2)
  A shadow (D:10)
  7 slime creatures
  15 jumping spiders
  10 culicivoras
  Sigmund (D:2)
  A ynoxinul (D:14)
  4 wyverns
  38 yaks
  A dire elephant simulacrum (IceCv)
  4 vampires
  A fire elemental (Lair:3)
  7 hogs (Lair:4)
  5 humans (D:13)
  4 basilisks
  A warg (shapeshifter) (D:14)
  A neqoxec (D:14)
  19 redbacks
  16 vampire mosquitoes
  3 chaos spawn (D:14)
  Menkaure (D:4)
  2 harpy simulacra (IceCv)
  Edmund (D:4)
  2 acid dragons
  A hydra simulacrum (IceCv)
  14 water moccasins
  A swamp drake (D:8)
  33 orc warriors
  A sky beast (D:7)
  2 ice beasts
  A black bear (D:6)
  2 laughing skulls (D:15)
  A wolf (Lair:1)
  10 ogres
  20 centaurs
  6 kobold brigands
  9 bullfrogs
  Blork the orc (D:6)
  A gnoll sergeant (D:10)
  3 scorpions
  6 wights
  2 lindwurm simulacra (IceCv)
  7 killer bees
  2 howler monkeys
  2 electric eels
  3 hounds
  3 jellies
  A bombardier beetle (D:7)
  6 gnoll boudas (D:7)
  9 orc priests
  Crazy Yiuf (D:7)
  6 iguanas
  17 orc wizards
  2 hell rats (Lair:1)
  Terence (D:2)
  21 gnolls
  7 adders
  10 river rats (Lair:1)
  3 shadow imps
  A white imp (D:6)
  3 ribbon worms
  5 dart slugs
  79 orcs
  10 endoplasms
  4 giant cockroaches
  6 goblins
  9 hobgoblins
  4 jackals (D:4)
  6 quokkas
  7 ball pythons
  7 bats
  2 frilled lizards (D:3)
  22 kobolds
  7 rats
740 creatures vanquished.

Notes
Turn   | Place    | Note
-------+----------+-------------------------------------------
     0 | D:1      | hikkokomori the Gargoyle Alchemist began the quest for the
                  | Orb.
     0 | D:1      | Reached XP level 1. HP: 10/10 MP: 3/3
   172 | D:1      | Reached XP level 2. HP: 13/16 MP: 0/5
   477 | D:1      | Reached skill level 1 in Fighting
   861 | D:1      | Reached XP level 3. HP: 20/20 MP: 4/6
  1537 | D:2      | Noticed Sigmund
  1790 | D:2      | Noticed Terence
  1806 | D:1      | Learned a level 2 spell: Mercury Vapours
  1810 | D:1      | Learned a level 3 spell: Mephitic Cloud
  2337 | D:3      | Reached XP level 4. HP: 25/25 MP: 4/7
  2610 | D:3      | Found a sparkling altar of Nemelex Xobeh.
  2816 | D:4      | Reached skill level 1 in Air Magic
  2816 | D:4      | Reached XP level 5. HP: 30/30 MP: 2/9
  2930 | D:4      | Noticed Edmund
  3093 | D:4      | Killed Edmund
  3094 | D:4      | Reached XP level 6. HP: 16/36 MP: 2/10
  3248 | D:4      | Found a stormy altar of Qazlal.
  3250 | D:4      | Found a transporter.
  3280 | D:4      | Found a transporter.
  3328 | D:4      | Noticed a water moccasin
  3345 | D:4      | Killed a water moccasin
  3513 | D:4      | Noticed Menkaure
  3520 | D:4      | Killed Menkaure
  3521 | D:4      | Reached XP level 7. HP: 31/41 MP: 10/12
  3935 | D:2      | Killed Terence
  4108 | D:2      | Learned a level 4 spell: Olgreb's Toxic Radiance
  4330 | D:2      | Killed Sigmund
  4404 | D:5      | Entered Level 5 of the Dungeon
  4493 | D:5      | Found a blossoming altar of Fedhas.
  4508 | D:4      | Reached XP level 8. HP: 31/48 MP: 14/14
  4513 | D:4      | Learned a level 4 spell: Ignite Poison
  4664 | D:5      | Found Mojairep's Vocational Training.
  4972 | D:5      | Reached skill level 1 in Fire Magic
  5266 | D:5      | Found a snail-covered altar of Cheibriados.
  5385 | D:5      | Found a shimmering blue altar of Sif Muna.
  5659 | D:6      | Noticed Blork the orc
  5671 | D:6      | Killed Blork the orc
  5783 | D:6      | Noticed a +0 hand axe
  5785 | D:6      | Found a hide-covered altar of Uskayaw.
  5786 | D:6      | Noticed a +0 dagger
  5802 | D:6      | HP: 2/48 [white imp/puff of frost (8)]
  6238 | D:6      | Found a hazy altar of Hepliaklqana.
  6471 | D:6      | Reached skill level 5 in Fighting
  6779 | D:7      | Reached XP level 9. HP: 54/54 MP: 9/16
  6860 | D:7      | Found a staircase to the Ecumenical Temple.
  6893 | Temple   | Entered the Ecumenical Temple
  6937 | Temple   | Reached skill level 5 in Spellcasting
  6998 | D:7      | Reached skill level 5 in Alchemy
  7066 | D:7      | Noticed Jeremiah
  7089 | D:7      | Killed Jeremiah
  7249 | D:7      | Reached skill level 5 in Stealth
  7459 | D:7      | Found a runed translucent door.
  7460 | D:7      | Noticed Crazy Yiuf
  8476 | D:7      | Reached XP level 10. HP: 61/61 MP: 9/19
  9262 | D:7      | Killed Crazy Yiuf
  9420 | D:8      | Noticed Maggie
  9434 | D:8      | Killed Maggie
  9435 | D:8      | Reached skill level 5 in Fire Magic
  9841 | D:8      | Noticed Joseph
  9859 | D:8      | Killed Joseph
  9870 | D:8      | Found a sacrificial altar of Ru.
  9870 | D:8      | Noticed Psyche
  9876 | D:8      | Killed Psyche
 10029 | D:8      | Found a bloodstained altar of Trog.
 10032 | D:8      | Found an iron altar of Okawaru.
 10035 | D:8      | Found a glowing golden altar of the Shining One.
 10038 | D:8      | Found an opulent altar of Gozag.
 10051 | D:8      | Became a worshipper of Gozag Ym Sagoz the Greedy
 10476 | D:8      | Found a staircase to the Lair.
 10644 | D:8      | Got Spellcraft Continued
 10665 | D:8      | Learned a level 5 spell: Freezing Cloud
 10804 | D:9      | Found Wijyqosu's Antique Weapon Shoppe.
 10808 | D:9      | Found a staircase to the Orcish Mines.
 10898 | D:9      | Found a transporter.
 10899 | D:9      | You fall into a shaft and drop 2 floors!
 10959 | D:11     | Noticed Amaemon
 10966 | D:11     | Killed Amaemon
 10967 | D:11     | Reached skill level 1 in Ice Magic
 10967 | D:11     | Reached XP level 11. HP: 27/68 MP: 16/21
 10971 | D:11     | Reached skill level 5 in Conjurations
 11298 | D:10     | Entered Level 10 of the Dungeon
 11593 | D:9      | Found a shadowy altar of Dithmenos.
 11692 | D:9      | Noticed Lahburn's ghost (novice HOFi)
 11713 | D:9      | Found a transporter.
 11731 | D:9      | Found Eleyput's Book Shoppe.
 11869 | D:9      | Noticed a two-headed ogre
 11874 | D:9      | Killed a two-headed ogre
 11875 | D:9      | Reached skill level 1 in Maces & Flails
 12442 | Orc:1    | Entered Level 1 of the Orcish Mines
 12816 | Orc:2    | Entered Level 2 of the Orcish Mines
 12864 | Orc:2    | Noticed an orc sorcerer
 12869 | Orc:2    | Paralysed by an orc sorcerer for 3 turns
 12881 | Orc:2    | Killed an orc sorcerer
 13135 | Orc:1    | Noticed an orc knight
 13145 | Orc:1    | Killed an orc knight
 13232 | Orc:2    | Noticed an orc sorcerer
 13243 | Orc:2    | Killed an orc sorcerer
 13248 | Orc:2    | Noticed an orc sorcerer
 13263 | Orc:2    | Killed an orc sorcerer
 13508 | Orc:2    | Reached XP level 12. HP: 76/76 MP: 19/22
 13832 | Orc:2    | Found a staircase to the Elven Halls.
 13953 | Orc:2    | Reached skill level 5 in Ice Magic
 14056 | Orc:2    | Reached skill level 5 in Air Magic
 14167 | Orc:2    | Reached skill level 10 in Fighting
 14260 | Orc:2    | Reached skill level 5 in Maces & Flails
 14423 | Orc:2    | Found Qiost's Assorted Antiques.
 14423 | Orc:2    | Found Besocoap's Antique Weapon Shoppe.
 14426 | Orc:2    | Found Posykhex's Jewellery Emporium.
 14429 | Orc:2    | Found Myunoreann's Antique Weapon Shop.
 14696 | Orc:2    | Bought a dented emerald amulet for 165 gold pieces
 14696 | Orc:2    | Bought an embroidered hat for 231 gold pieces
 14696 | Orc:2    | Bought a scroll of fear for 132 gold pieces
 15393 | Lair:1   | Entered Level 1 of the Lair of Beasts
 16237 | Lair:2   | Noticed a four-headed hydra
 16243 | Lair:2   | Reached XP level 13. HP: 83/83 MP: 6/24
 16660 | Lair:2   | Found a hole to the Spider Nest.
 16784 | Lair:2   | Found a staircase to the Shoals.
 18275 | Lair:4   | Noticed Kirke
 18282 | Lair:4   | Killed Kirke
 18440 | Lair:4   | Found a staircase to the Slime Pits.
 18589 | Lair:4   | Found a runed translucent gate.
 18590 | Lair:4   | Found a runed translucent gate.
 18590 | Lair:4   | Found a runed translucent gate.
 18592 | Lair:4   | Noticed Juirae's ghost (journeyman TrMo)
 19101 | Lair:5   | Entered Level 5 of the Lair of Beasts
 19136 | Lair:4   | Bought 2 scrolls of enchant armour for 210 gold pieces
 19535 | Lair:5   | Noticed Urug
 19542 | Lair:5   | Killed Urug
 19543 | Lair:5   | Gained mutation: Your large and strong wings let you fly.
                  | [Gargoyle growth]
 19543 | Lair:5   | Reached XP level 14. HP: 68/92 MP: 12/27
 19682 | Lair:5   | Noticed Nessos
 19691 | Lair:5   | Killed Nessos
 19853 | Lair:5   | Reached skill level 1 in Armour
 19856 | Lair:5   | Reached skill level 1 in Shields
 20755 | Lair:5   | Learned a level 5 spell: Borgnjor's Vile Clutch
 21204 | D:10     | Found Gulu's Antique Weapon Shop.
 21228 | D:10     | Found a burning altar of Makhleb.
 21243 | D:10     | Reached skill level 10 in Spellcasting
 21398 | D:10     | Reached skill level 1 in Earth Magic
 21863 | D:11     | Reached skill level 1 in Necromancy
 21932 | D:11     | Noticed Snorg
 21945 | D:11     | Killed Snorg
 22328 | D:11     | Noticed Sonja
 22340 | D:11     | Killed Sonja
 23973 | D:13     | Reached XP level 15. HP: 92/96 MP: 12/29
 24007 | D:13     | Reached skill level 5 in Shields
 24037 | D:13     | Reached skill level 5 in Armour
 24418 | D:13     | Reached skill level 5 in Earth Magic
 24463 | D:13     | Found a gate to the Vaults.
 25076 | D:14     | HP: 3/96 [barbs]
 26637 | D:15     | Entered Level 15 of the Dungeon
 26758 | D:15     | Learned a level 2 spell: Blink
 26763 | D:15     | Learned a level 4 spell: Vhi's Electric Charge
 26884 | D:15     | Noticed Jorgrun
 26898 | D:15     | Killed Jorgrun
 27028 | D:15     | Found a staircase to the Depths.
 27599 | D:15     | Reached skill level 1 in Evocations
 27683 | D:15     | Reached skill level 5 in Necromancy
 27848 | D:15     | Bought the +3 cloak "Cubuler" {*Corrode rElec rF+ Dex+3}
                  | for 659 gold pieces
 27868 | D:15     | Bought the ring of Vocor {rF+ Str+2 Dex+3 SInv} for 592
                  | gold pieces
 27868 | D:15     | Bought the ring "Myeffod" {^Drain rElec rC+ Str+8 Slay+2}
                  | for 879 gold pieces
 28177 | Spider:1 | Entered Level 1 of the Spider Nest
 28187 | Spider:1 | Reached XP level 16. HP: 101/101 MP: 23/31
 29216 | Spider:2 | Reached skill level 5 in Dodging
 29353 | Spider:2 | Found a glacial archway.
 29394 | IceCv    | Entered an ice cave
 29504 | IceCv    | Found a transporter.
 29523 | IceCv    | Found a transporter.
 29722 | IceCv    | Identified the ring of the Assorted Nights {Ice ^Drain rN+
                  | Str+3 Int+2}
 29866 | Spider:2 | Killed from afar by a jorogumo

Illustrated notes

Levels and vault maps discovered:
D:1:      minmay_arrival_glassed_features, layout_loops_corners,
          minmay_misc_feat_iff
D:2:      layout_rooms, hex_medium, uniq_sigmund, uniq_terence
D:3:      layout_rooms, nemelex_xobeh_ov_fountains_minmay,
          corexii_item_surrounded_by_moat, minivault_24
D:4:      gammafunk_cloud_chamber, layout_basic,
          nicolae_qazlal_eye_of_the_storm, uniq_edmund, uniq_menkaure
D:5:      kb_forest_paths, layout_basic, mainiacjoe_overflow_boulevard,
          mainiacjoe_overflow_alcove_4, nicolae_sif_muna_little_library,
          hangedman_decor_diamond_cutter, nicolae_shop_vocational
D:6:      layout_cave_pods, mainiacjoe_overflow_tiny_flanked,
          dancing_weapons_uskayaw, uniq_blork_the_orc
D:7:      kennysheep_seaside_town, layout_layer_cave,
          minmay_temple_entry_arrows, minmay_circle_x, uniq_jeremiah,
          uniq_crazy_yiuf_cottage
D:8:      layout_basic, mainiacjoe_overflow_surrounded_room,
          grunt_temple_overflow_cloverleaf, erik_lair_dragon,
          minmay_misc_feat_enclosed, minmay_tree_intersection, uniq_psyche,
          uniq_maggie, uniq_joseph
D:9:      layout_grid_maze, old_standard_altar, david_orc_3, serial_shops,
          nicolae_shop_tiny_statue_garden, nicolae_shop_crystal,
          gammafunk_ghost_arena
D:10:     layout_loops_ring, mainiacjoe_overflow_small_starburst, serial_shops,
          shop, amcnicky_mini_pool_medium
D:11:     layout_irregular_city, uniq_sonja, uniq_amaemon, uniq_snorg
D:12:     layout_loops_ring
D:13:     layout_cave_pools, ximxim_vaults_locker_room, kennysheep_small_spiral
D:14:     layout_gridville, serial_demonic, serial_demonic_c, serial_demonic_e,
          serial_demonic_c, serial_demonic_c, serial_demonic_f,
          serial_demonic_a, serial_demonic_c
D:15:     hangedman_depths_entry_civil_slaughter, layout_basic,
          chequers_serial_rivers_large_a, serial_library_hellmonk_junction,
          uniq_jorgrun
Temple:   hellmonk_temple_micro_hex
Lair:1:   layout_roguey, minmay_holes, st_stairs_11, kennysheep_rathole,
          serial_bayou_shore_b
Lair:2:   layout_regular_city, minmay_shoals_entry_lonely_mermaid,
          dummy_spider_entry, minmay_stone_trees_large, st_stairs_11,
          nicolae_quartered_pool_little
Lair:3:   layout_gridlike
Lair:4:   layout_cave_pods, slime_entry_2, ebering_ghost_rock_garden,
          chequers_serial_rivers_micro_d, uniq_kirke
Lair:5:   evilmike_catoblepas_cave, layout_cave_shapes, nicolae_lair_lindhole,
          lemuel_fruit_tree, grunt_megastairs_5, serial_bayou_shore_b,
          uniq_urug, uniq_nessos
Spider:1: layout_spider_delve, hellmonk_spider_spawner
Spider:2: layout_spider_delve, portal_ice_cave_entry_ugly_swarm,
          nicolae_spider_baby_got_redback, uniq_arachne
Orc:1:    layout_caves
Orc:2:    st_orc_rangers, layout_diamond_mine

Skill      XL: |  1  2  3  4  5  6  7  8  9 10 11 12 13 14 15 16 |
---------------+-------------------------------------------------+-----
Fighting       | 1 2 3 4 5 6 8 9 10 12 | 12.2
Conjurations   | 2 3 4 6 7 8 9 |  9.1
Air Magic      | 1 2 4 5 |  5.2
Alchemy        | 3 4 5 6 |  6.6
Spellcasting   | 3 4 6 7 9 10 11 12 | 12.2
Fire Magic     | 2 4 5 6 7 8 |  8.4
Stealth        | 4 5 7 |  7.5
Ice Magic      | 1 4 5 6 7 |  7.0
Maces & Flails | 3 6 8 |  8.3
Armour         | 4 6 |  6.2
Shields        | 4 6 |  6.2
Earth Magic    | 3 6 |  6.4
Necromancy     | 2 5 6 |  6.6
Dodging        | 3 5 |  5.5
Evocations     | 2 4 |  4.9

Action                     |  1- 3 |  4- 6 |  7- 9 | 10-12 | 13-15 | 16-18 || total
---------------------------+-------+-------+-------+-------+-------+-------++-------
  Melee: Whip              |     9 |       |       |   166 |   842 |   213 ||  1230
         Mace              |    14 |    46 |       |       |       |       ||    60
         Flail             |       |    36 |   314 |       |       |       ||   350
         Punch             |       |       |     1 |    11 |    15 |       ||    27
         Trident           |       |       |     8 |   126 |       |       ||   134
         Morningstar       |       |       |       |       |    14 |       ||    14
   Fire: Orcbow            |       |       |    32 |       |       |       ||    32
  Throw: Dart              |       |       |     3 |       |       |       ||     3
   Cast: Sting             |    79 |    31 |    14 |     8 |     4 |       ||   136
         Mephitic Cloud    |       |     4 |    29 |    42 |    28 |     8 ||   111
         Mercury Vapours   |       |     3 |     3 |       |     1 |       ||     7
         Olgreb's Toxic Ra |       |       |    12 |    42 |    36 |    11 ||   101
         Ignite Poison     |       |       |     5 |    47 |    84 |    22 ||   158
         Freezing Cloud    |       |       |       |       |    23 |     2 ||    25
         Borgnjor's Vile C |       |       |       |       |       |     6 ||     6
         Blink             |       |       |       |       |       |     1 ||     1
         Vhi's Electric Ch |       |       |       |       |       |     1 ||     1
 Invoke: Call Merchant     |       |       |       |       |     3 |       ||     3
  Evoke: Wand              |       |       |     1 |     1 |       |     1 ||     3
    Use: Scroll            |     3 |     1 |     5 |    11 |    11 |     3 ||    34
         Potion            |       |       |     2 |     1 |     2 |     2 ||     7
   Stab: Sleeping          |     1 |     1 |     1 |     8 |    20 |     2 ||    33
         Confused          |       |     1 |    13 |     7 |     2 |       ||    23
         Invisible         |       |       |       |     3 |       |       ||     3
         Distracted        |       |       |       |     2 |     3 |     2 ||     7
 Armour: Robe              |    40 |    60 |   325 |    14 |       |       ||   439
         Steam dragon scal |       |       |       |   167 |   488 |   160 ||   815
         Leather armour    |       |       |       |     6 |       |       ||     6
  Dodge: Dodged            |    35 |    64 |   231 |   130 |   573 |   169 ||  1202
  Block: Buckler           |       |       |       |       |    28 |    49 ||    77
